 Dungeon Crawl Stone Soup version 0.30-a0-358-g0d69a1922f (webtiles) character file.

Game seed: 17178973156992112854

93985 XWhyZ the Eclecticist (level 16, 0/99 HPs)
             Began as a Djinni Fire Elementalist on Nov 8, 2022.
             Was a Believer of Elyvilon.
             Slain by a +4 lajatang of Resumed Hostilities {chaos, *Noise rElec rF+ Dex+4} (7 damage)
             ... on level 3 of the Lair of Beasts on Nov 9, 2022.
             The game lasted 03:26:58 (20207 turns).

XWhyZ the Eclecticist (Djinni Fire Elementalist)   Turns: 20207, Time: 03:26:59

Health: 0/99       AC: 17    Str:  6    XL:     16   Next: 58%
Gold:   1808       EV: 18    Int: 33    God:    Elyvilon [**....] SH:  0 Dex: 15

rFire   + + +      SeeInvis +      - Unarmed
rCold   + . .      Faith    .    (shield currently unavailable)
rNeg    + . .      Spirit   .    U - +2 robe {Will+}
rPois   ∞          Reflect  .    L - +2 hat {Will+}
rElec   .          Harm     .    e - +2 cloak of Melancholy {rF++ Str-4 Int+2}
rCorr   .          Rampage  .    (gloves currently unavailable)
Will    ++++.                    (boots unavailable)
Stlth   +++.......               z - amulet of regeneration
HPRegen 1.96/turn                v - ring "Zopuefy" {rC++ AC+4 Int+3 SInv}
MPRegen 0.00/turn                N - ring of the Priest {rN+ Will+ AC+4 Str+3 Int+4}

@: mighty, about to teleport, blade hands, flying, hasted, very quick
A: flying, sickness immunity, fire resistance 2, cold vulnerability 1, float,
innate caster, HP casting, extra vitality 1, mutation resistance 1, regeneration
1
a: End Transformation, Renounce Religion, Purification, Heal Other


You were on level 3 of the Lair of Beasts.
You worshipped Elyvilon.
Elyvilon was pleased with you.
You had blades for hands.
You visited 6 branches of the dungeon, and saw 25 of its levels.
You also visited: Ossuary and Volcano.

You collected 2833 gold pieces.
You spent 1025 gold pieces at shops.

Inventory:

Hand Weapons
 b - the +3 hand axe of Nemelex Xobeh's Envy {venom, rElec MP-9 Dex+3}
   (You found it on level 11 of the Dungeon)

   It poisons the flesh of those it strikes.
   Dex:       It affects your dexterity (+3).
   rElec:     It insulates you from electricity.
   MP:        It affects your magic capacity (-9).
 c - a +4 dagger of flaming
 s - a +2 short sword of holy wrath
 W - a +0 lajatang of flaming
Missiles
 h - 70 poisoned darts
 t - 2 throwing nets
Armour
 e - the +2 cloak of Melancholy (worn) {rF++ Str-4 Int+2}
   (You bought it in a shop on level 9 of the Dungeon)

   Str:       It affects your strength (-4).
   Int:       It affects your intelligence (+2).
   rF:        It greatly protects you from fire.
 L - a +2 hat of willpower (worn)
 U - a +2 robe of willpower (worn)
Magical Staves
 a - a staff of fire (melded)
Jewellery
 v - the ring "Zopuefy" (left blade hand) {rC++ AC+4 Int+3 SInv}
   (You found it on level 8 of the Dungeon)

   [ring of protection]

   AC:        It affects your AC (+4).
   Int:       It affects your intelligence (+3).
   rC:        It greatly protects you from cold.
   SInv:      It lets you see invisible.
 x - a ring of fire
 z - an amulet of regeneration (around neck)
 D - a ring of wizardry
 F - an amulet of faith
 I - a +4 ring of evasion
 J - a +6 ring of dexterity
 N - the ring of the Priest (right blade hand) {rN+ Will+ AC+4 Str+3 Int+4}
   (You found it on level 8 of the Dungeon)

   [ring of protection]

   AC:        It affects your AC (+4).
   Str:       It affects your strength (+3).
   Int:       It affects your intelligence (+4).
   rN:        It protects you from negative energy.
   Will:      It increases your willpower.
Wands
 j - a wand of mindburst (18)
 A - a wand of roots (27)
 E - a wand of polymorph (21)
 H - a wand of acid (26)
Scrolls
 d - 6 scrolls of magic mapping
 f - 6 scrolls of fog
 k - a scroll of enchant armour
 l - 3 scrolls of identify
 m - 2 scrolls of silence
 n - 3 scrolls of vulnerability
 p - a scroll of brand weapon
 w - a scroll of amnesia
 y - a scroll of poison
 C - 6 scrolls of enchant weapon
 K - 2 scrolls of fear
 M - a scroll of blinking
 S - 3 scrolls of teleportation
 T - a scroll of summoning
Potions
 g - 2 potions of ambrosia
 i - 3 potions of might
 o - 5 potions of cancellation
 q - 8 potions of curing
 r - 6 potions of haste
 B - 2 potions of berserk rage
 R - a potion of lignification
Miscellaneous
 u - a box of beasts
 V - a piece from Xom's chessboard (15/15)


   Skills:
 + Level 4.2 Fighting
 - Level 2.2 Short Blades
 - Level 1.0 Axes
 - Level 4.9 Staves
 - Level 0.8 Armour
 * Level 12.3 Dodging
 + Level 4.9 Stealth
 + Level 2.0 Unarmed Combat
 + Level 18.6 Spellcasting
 + Level 3.5 Invocations
 + Level 0.7 Evocations


You had 15 spell levels left.
You knew the following spells:

 Your Spells              Type           Power      Damage    Failure   Level
a - Foxfire               Conj/Fire      100%       2x1d9     3%          1
b - Scorch                Fire           100%       2d10      3%          2
c - Kindle Blastsparks    Fire/Tloc/Air  100%       2d18      3%          3
d - Inner Flame           Hex/Fire       100%       N/A       3%          3
e - Flame Wave            Conj/Fire      100%       2d21      3%          4
f - Shock                 Conj/Air       100%       1d9       3%          1
g - Passwall              Tmut/Erth      84%        N/A       3%          2
h - Hailstorm             Conj/Ice       100%       3d20      3%          3
i - Teleport Other        Tloc           100%       N/A       3%          3
j - Dispel Undead         Necr           100%       3d31      3%          4
k - Blade Hands           Tmut           50%        N/A       3%          5
l - Death Channel         Necr           50%        N/A       7%          6
Your spell library was empty.

Dungeon Overview and Level Annotations

Branches:
Dungeon (15/15)            Temple (1/1) D:4            Lair (4/5) D:11
 Shoals (0/4) Lair:3       Spider (2/4) Lair:3          Orc (2/2) D:10
    Elf (1/3) Orc:2        Vaults (0/5) D:13         Depths (0/4) D:15
Ossuary (visited)         Volcano (visited)
  Slime: Lair:4-5

Altars:
Ashenzari
Cheibriados
Dithmenos
Elyvilon
Fedhas
Gozag
Hepliaklqana
Makhleb
Nemelex Xobeh
Okawaru
Qazlal
Ru
Trog
Uskayaw
Wu Jian
Xom
Yredelemnul
Zin
The Shining One

Shops:
D:9 *   D:12 ?   Orc:2 ?**=

Annotations:
D:10 Josephine
Spider:2 Frances


Innate Abilities, Weirdness & Mutations

You have blades for hands.
You are flying.
Your spellcasting is less reliable in this form.
You are incapable of wielding weapons or throwing items.
You are immune to sickness and miasma.
You are immune to poison.
Your flesh is very heat resistant. (rF++)
You are vulnerable to cold. (rC-)
You float through the air rather than walking.
You learn spells naturally, not from books.
Your magical power is your life essence.
You have superior vitality. (+4 MHP)
You are somewhat resistant to further mutation.
Your natural rate of healing is unusually fast.


Message History

You are healed.
The +4 lajatang of Resumed Hostilities {chaos, *Noise rElec rF+ Dex+4} hits you.
The +4 lajatang of Resumed Hostilities {chaos, *Noise rElec rF+ Dex+4} hits you!!
You feel yourself speed up.
You are healed.
The +4 lajatang of Resumed Hostilities {chaos, *Noise rElec rF+ Dex+4} hits you!
* * * LOW HITPOINT WARNING * * *
You are healed.
The +4 lajatang of Resumed Hostilities {chaos, *Noise rElec rF+ Dex+4} hits you!!
You are electrocuted!!
* * * LOW HITPOINT WARNING * * *
You feel much better.
The +4 lajatang of Resumed Hostilities {chaos, *Noise rElec rF+ Dex+4} hits you!
You are electrocuted!
* * * LOW HITPOINT WARNING * * *
Okay, then.
You are healed.
The +4 lajatang of Resumed Hostilities {chaos, *Noise rElec rF+ Dex+4} misses you.
Okay, then.
You are healed.
The +4 lajatang of Resumed Hostilities {chaos, *Noise rElec rF+ Dex+4} hits you.
You resist with almost no effort.
You are healed.
You can no longer provide healing for yourself.
The +4 lajatang of Resumed Hostilities {chaos, *Noise rElec rF+ Dex+4} hits you!
The +4 lajatang of Resumed Hostilities {chaos, *Noise rElec rF+ Dex+4} hits you!!
The +4 lajatang of Resumed Hostilities {chaos, *Noise rElec rF+ Dex+4} burns you.
You fly upwards.
There is a stone staircase leading down here.
As you read the scroll of teleportation, it crumbles to dust.
You feel strangely unstable.
The +4 lajatang of Resumed Hostilities {chaos, *Noise rElec rF+ Dex+4} hits you!!
* * * LOW HITPOINT WARNING * * *
You feel as though your hastened speed will last longer.
The +4 lajatang of Resumed Hostilities {chaos, *Noise rElec rF+ Dex+4} attacks as you move away!
The +4 lajatang of Resumed Hostilities {chaos, *Noise rElec rF+ Dex+4} hits you!!
* * * LOW HITPOINT WARNING * * *
You feel mightier all of a sudden.
The +4 lajatang of Resumed Hostilities {chaos, *Noise rElec rF+ Dex+4} hits you!
You die...

#.....#.....#.#
##.......
###......###.##
######.##..
##....#..###
##.#######.. ##....###
##.......#..# ##....##
##............
##....###.#.#.........
##......#####..........
#.###....#.###.#..##...
### #.@(..## #######...
###>...###.##.###..
###..............
#...............
##..P...........
###..########## #### #


You could see a +4 lajatang of Resumed Hostilities {chaos, *Noise rElec rF+
Dex+4}.

Vanquished Creatures
  An emperor scorpion (Spider:1)
  The ghost of Muataran the Brawler, a journeyman TrMo of Qazlal (Lair:3)
  A ghost moth (Spider:1)
  An orc warlord (Orc:1)
  A vampire knight (D:14)
  2 deep elf annihilators (D:14)
  The ghost of Tischemav the Impaler, a journeyman DsFi of Fedhas (Lair:3)
  A fire dragon (Volcano)
  2 hydras
  Erolcha (D:11)
  An ogre mage (D:12)
  A jorogumo (Spider:2)
  Fannar (D:10)
  The ghost of Ytsiazit the Cleaver, a journeyman DsFi of Cheibriados (Lair:2)
  5 centaur warriors
  A hydra (shapeshifter) (D:14)
  5 boulder beetles
  2 radroaches (Spider:2)
  A death knight (D:12)
  A rakshasa (D:14)
  5 two-headed ogres
  9 death yaks
  6 orc high priests (Orc:2)
  5 tengu warriors
  Urug (D:11)
  4 sun demons (Volcano)
  Nergalle (D:10)
  The ghost of sirJeffrey23 the Basher, a novice FoFi (D:8)
  2 steelbarb worms (Spider:1)
  7 orc knights
  A lindwurm (D:13)
  Pikel (D:5)
  2 orc sorcerers (Orc:2)
  5 deep elf pyromancers
  2 manticores (D:12)
  5 ugly things
  11 cyclopes
  4 wolf spiders
  15 elephants
  2 smoke demons (Volcano)
  A gargoyle (D:8)
  4 cane toads (Lair:1)
  A kobold demonologist (D:12)
  An efreet (D:14)
  2 freezing wraiths (D:14)
  2 komodo dragons (Lair:2)
  A yaktaur (shapeshifter) (D:14)
  2 rime drakes
  4 demonic crawlers
  15 trolls
  3 meliai (Spider:1)
  3 hornets
  14 slime creatures
  5 tarantellas
  6 jumping spiders
  6 culicivoras (Spider:1)
  5 wraiths
  2 shadows
  A centaur simulacrum (D:12)
  3 wyverns
  2 vampires
  23 yaks
  4 basilisks
  7 redbacks
  3 steam dragons
  Edmund (D:5)
  9 vampire mosquitoes (D:12)
  4 wargs
  8 water moccasins
  An acid dragon (D:12)
  3 hell hounds
  35 orc warriors
  3 sky beasts
  2 black bears
  3 centaurs
  10 wolves
  9 ogres
  A phantom (D:5)
  6 kobold brigands
  2 lemures (D:5)
  12 bullfrogs
  A necrophage (D:6)
  2 elf zombies (Ossuary)
  A gnoll sergeant (D:7)
  3 scorpions
  6 wights (D:8)
  A killer bee (D:8)
  5 howler monkeys
  2 centaur zombies (Ossuary)
  2 human zombies (Ossuary)
  3 hounds
  2 jellies
  Crazy Yiuf (D:5)
  29 orc priests
  3 iguanas
  17 orc wizards
  2 mummies (Ossuary)
  8 gnolls
  6 adders
  2 shadow imps (D:5)
  2 white imps
  An adder zombie (Ossuary)
  A worm (D:4)
  3 dart slugs
  81 orcs
  2 giant cockroaches
  7 goblins
  9 hobgoblins
  6 jackals
  34 kobolds
  7 quokkas
  2 ball pythons
  4 bats
  3 frilled lizards
  A goblin zombie (Ossuary)
  9 hobgoblin zombies (Ossuary)
  2 jackal zombies (Ossuary)
  10 kobold zombies (Ossuary)
  9 orc zombies
  5 rats
  8 bushes
  2 butterflies (Lair:4)
653 creatures vanquished.

Vanquished Creatures (collateral kills)
  8 foxfires
8 creatures vanquished.

Vanquished Creatures (others)
  A demonic plant (D:2)
  973 foxfires
  20 fungi
  22 plants
1016 creatures vanquished.

Grand Total: 1677 creatures vanquished

Notes
Turn   | Place    | Note
-------+----------+-------------------------------------------
     0 | D:1      | XWhyZ the Djinni Fire Elementalist began the quest for the
                  | Orb.
     0 | D:1      | XWhyZ set off with the following spells memorised: Foxfire,
                  | Scorch, Kindle Blastsparks, Inner Flame, Flame Wave.
     0 | D:1      | Reached XP level 1. HP: 15/15 MP: 0/0
   363 | D:1      | Reached XP level 2. HP: 20/21 MP: 0/0
   778 | D:2      | Reached XP level 3. HP: 21/25 MP: 0/0
   778 | D:2      | Learned a level 1 spell: Shock
   868 | D:2      | Reached skill level 3 in Spellcasting
  1185 | D:2      | Reached XP level 4. HP: 31/31 MP: 0/0
  1852 | D:3      | Reached skill level 1 in Short Blades
  2059 | D:3      | Found a faded altar of an unknown god.
  2067 | D:3      | Prayed at the altar of an unknown god.
  2067 | D:3      | Became a worshipper of Elyvilon the Healer
  2067 | D:3      | Reached * piety under Elyvilon
  2317 | D:4      | Reached XP level 5. HP: 26/36 MP: 0/0
  2317 | D:4      | Learned a level 2 spell: Passwall
  2571 | D:4      | Noticed a sky beast
  2585 | D:4      | Killed a sky beast
  2586 | D:4      | Reached skill level 1 in Fighting
  2586 | D:4      | Reached XP level 6. HP: 32/42 MP: 0/0
  2608 | D:4      | Found a staircase to the Ecumenical Temple.
  2617 | Temple   | Entered the Ecumenical Temple
  2824 | D:4      | Reached ** piety under Elyvilon
  3193 | D:5      | Entered Level 5 of the Dungeon
  3211 | D:5      | Reached skill level 4 in Spellcasting
  3237 | D:5      | Found a bloodstained altar of Trog.
  3268 | D:5      | Found a basalt altar of Yredelemnul.
  3310 | D:5      | Identified a scroll of acquirement
  3311 | D:5      | Acquired a staff of fire
  3367 | D:5      | Reached XP level 7. HP: 45/47 MP: 0/0
  3367 | D:5      | Learned a level 3 spell: Hailstorm
  3383 | D:5      | Noticed Pikel
  3385 | D:5      | Killed Pikel
  3386 | D:5      | Reached skill level 5 in Spellcasting
  3386 | D:5      | Reached XP level 8. HP: 48/52 MP: 0/0
  3388 | D:5      | Noticed Edmund
  3417 | D:5      | Killed Edmund
  3597 | D:5      | Reached skill level 6 in Spellcasting
  3884 | D:5      | Found a sand-covered staircase.
  3915 | Ossuary  | Entered an ossuary
  4021 | Ossuary  | Reached XP level 9. HP: 57/57 MP: 0/0
  4021 | Ossuary  | Learned a level 3 spell: Teleport Other
  4225 | D:5      | Found a runed translucent door.
  4226 | D:5      | Noticed Crazy Yiuf
  4232 | D:5      | Killed Crazy Yiuf
  4233 | D:5      | Reached *** piety under Elyvilon
  4452 | D:5      | Gained mutation: You are clumsy. (Dex -2) [potion of
                  | mutation]
  4452 | D:5      | Gained mutation: You have a pair of small horns on your
                  | head. [potion of mutation]
  4457 | D:5      | Lost mutation: You have a pair of small horns on your head.
                  | [potion of mutation]
  4457 | D:5      | Lost mutation: You are clumsy. (Dex -2) [potion of
                  | mutation]
  4457 | D:5      | Gained mutation: You are dopey. (Int -2) [potion of
                  | mutation]
  4457 | D:5      | Gained mutation: Your spells are a little harder to cast,
                  | but a little more powerful. [potion of mutation]
  4458 | D:5      | Lost mutation: You are dopey. (Int -2) [potion of mutation]
  4458 | D:5      | Lost mutation: Your spells are a little harder to cast, but
                  | a little more powerful. [potion of mutation]
  4458 | D:5      | Gained mutation: Your natural rate of healing is unusually
                  | fast. [potion of mutation]
  4458 | D:5      | Gained mutation: You are somewhat resistant to further
                  | mutation. [potion of mutation]
  4620 | D:6      | Found a stormy altar of Qazlal.
  4782 | D:6      | Reached skill level 7 in Spellcasting
  4872 | D:6      | Found a shimmering altar of Xom.
  4946 | D:6      | Found a hide-covered altar of Uskayaw.
  5436 | D:7      | Reached **** piety under Elyvilon
  5593 | D:7      | Reached XP level 10. HP: 40/63 MP: 0/0
  5840 | D:7      | Reached skill level 8 in Spellcasting
  5873 | D:7      | Reached skill level 5 in Dodging
  6575 | D:8      | Found a runed translucent door.
  6575 | D:8      | Noticed sirJeffrey23's ghost (novice FoFi)
  6664 | D:8      | Reached skill level 9 in Spellcasting
  6724 | D:8      | Noticed a centaur warrior
  6758 | D:8      | Killed a centaur warrior
  7176 | D:8      | Reached skill level 10 in Spellcasting
  7223 | D:8      | Noticed a cyclops
  7245 | D:8      | Killed a cyclops
  7246 | D:8      | Reached XP level 11. HP: 68/68 MP: 0/0
  7246 | D:8      | Learned a level 4 spell: Dispel Undead
  7325 | D:8      | Reached ***** piety under Elyvilon
  7363 | D:8      | Identified the ring of the Priest {rN+ Will+ AC+4 Str+3
                  | Int+4}
  7366 | D:8      | Identified the ring "Zopuefy" {rC++ AC+4 Int+3 SInv}
  7366 | D:8      | Noticed a boulder beetle
  7371 | D:8      | Noticed a green ugly thing
  7371 | D:8      | Noticed a cyan ugly thing
  7497 | D:8      | Killed a green ugly thing
  7498 | D:8      | Killed a green ugly thing
  7499 | D:8      | Reached skill level 11 in Spellcasting
  7538 | D:8      | Identified the ring "Ifucoacw" {Ice Fly}
  7545 | D:8      | Identified the ring "Joph" {*Corrode rElec rPois Dex-4
                  | SInv}
  7685 | D:8      | Killed sirJeffrey23's ghost
  7884 | D:9      | Found Byifirai's Neck Hole.
  8087 | D:9      | Found a transporter.
  8101 | D:9      | Found a transporter.
  8276 | D:9      | Bought the +2 cloak of Melancholy {rF++ Str-4 Int+2} for
                  | 522 gold pieces
  8336 | D:10     | Entered Level 10 of the Dungeon
  8386 | D:10     | Noticed Fannar
  8506 | D:10     | Found a staircase to the Orcish Mines.
  8545 | D:10     | Killed Fannar
  8781 | D:10     | Found a broken altar of Ashenzari.
  8901 | D:10     | Reached skill level 12 in Spellcasting
  9028 | D:10     | Noticed Nergalle
  9028 | D:10     | Noticed Josephine
  9208 | D:10     | Killed Nergalle
  9209 | D:10     | Reached XP level 12. HP: 72/74 MP: 0/0
  9265 | Orc:1    | Entered Level 1 of the Orcish Mines
  9658 | Orc:1    | Noticed an orc warlord
  9941 | Orc:2    | Entered Level 2 of the Orcish Mines
  9998 | Orc:2    | Noticed an orc high priest
 10003 | Orc:2    | Noticed a sun demon
 10167 | Orc:2    | Found a staircase to the Elven Halls.
 10231 | Orc:2    | Reached skill level 13 in Spellcasting
 10252 | Orc:2    | Killed an orc high priest
 10411 | Orc:2    | Noticed an orc high priest
 10417 | Orc:2    | Killed an orc high priest
 10675 | Orc:2    | Reached skill level 14 in Spellcasting
 10675 | Orc:2    | Reached XP level 13. HP: 48/80 MP: 0/0
 10675 | Orc:2    | Learned a level 5 spell: Blade Hands
 10873 | Orc:2    | Found Gume Niu's Jewellery Emporium.
 10873 | Orc:2    | Found Fushod's General Store.
 10874 | Orc:2    | Found Wew Ovai's General Store.
 10874 | Orc:2    | Found Ifoerame's Magic Scroll Emporium.
 10896 | Orc:2    | Bought a potion of haste for 140 gold pieces
 10896 | Orc:2    | Bought a scroll of identify for 28 gold pieces
 10898 | Orc:2    | Bought a scroll of teleportation for 42 gold pieces
 10898 | Orc:2    | Bought a scroll of fog for 56 gold pieces
 10898 | Orc:2    | Bought a scroll of teleportation for 42 gold pieces
 10902 | Orc:2    | Bought a potion of haste for 130 gold pieces
 10902 | Orc:2    | Bought a scroll of identify for 26 gold pieces
 10902 | Orc:2    | Bought a potion of curing for 39 gold pieces
 11334 | Elf:1    | Entered Level 1 of the Elven Halls
 11417 | Orc:1    | Killed an orc warlord
 11418 | Orc:1    | Reached skill level 15 in Spellcasting
 11555 | D:11     | Noticed Erolcha
 11564 | D:11     | Killed Erolcha
 11565 | D:11     | Noticed Urug
 11577 | D:11     | Killed Urug
 11661 | D:11     | Found a staircase to the Lair.
 11884 | D:11     | Reached ****** piety under Elyvilon
 11918 | D:11     | Identified the +11 long sword "Ciwash" {drain, rC++ Str-2
                  | Int+2 Stlth+}
 12056 | D:11     | Identified the +3 hand axe of Nemelex Xobeh's Envy {venom,
                  | rElec MP-9 Dex+3}
 12164 | Lair:1   | Entered Level 1 of the Lair of Beasts
 12367 | Lair:1   | Reached XP level 14. HP: 44/85 MP: 0/0
 12443 | Lair:1   | Found a dark tunnel.
 12456 | Volcano  | Entered a volcano
 13258 | Lair:1   | Reached skill level 1 in Axes
 13511 | Lair:2   | Reached skill level 16 in Spellcasting
 13511 | Lair:2   | Reached skill level 1 in Invocations
 13697 | Lair:2   | Found a runed translucent gate.
 13697 | Lair:2   | Found a runed translucent gate.
 13697 | Lair:2   | Found a runed translucent gate.
 13700 | Lair:2   | Noticed Ytsiazit's ghost (journeyman DsFi)
 13846 | Lair:2   | Killed Ytsiazit's ghost
 14575 | Lair:3   | Found a staircase to the Shoals.
 14668 | Lair:3   | Found a runed translucent gate.
 14668 | Lair:3   | Found a runed translucent gate.
 14668 | Lair:3   | Found a runed translucent gate.
 14669 | Lair:3   | Noticed Tischemav's ghost (journeyman DsFi)
 14681 | Lair:3   | Killed Tischemav's ghost
 14763 | Lair:3   | Found a hole to the Spider Nest.
 15407 | Spider:1 | Entered Level 1 of the Spider Nest
 15718 | Spider:1 | Reached skill level 1 in Unarmed Combat
 15839 | Spider:1 | Reached XP level 15. HP: 38/93 MP: 0/0
 15839 | Spider:1 | Learned a level 6 spell: Death Channel
 15842 | Spider:1 | Reached skill level 10 in Dodging
 15845 | Spider:1 | Noticed a ghost moth
 15912 | Spider:1 | Killed a ghost moth
 16256 | Spider:2 | Noticed an emperor scorpion
 16271 | Spider:1 | Killed an emperor scorpion
 16308 | Spider:2 | Identified the ring "Vitekeew" {+Blink Fly rF- Str+4 SInv}
 16394 | Spider:2 | Noticed a broodmother
 16406 | Spider:2 | Noticed Frances
 16576 | Lair:4   | Reached skill level 17 in Spellcasting
 16684 | Lair:4   | Found a shimmering altar of Xom.
 16684 | Lair:4   | Noticed Muataran's ghost (journeyman TrMo)
 16685 | Lair:4   | Found a runed translucent door.
 16685 | Lair:4   | Identified the +4 lajatang of Resumed Hostilities {chaos,
                  | *Noise rElec rF+ Dex+4}
 16750 | Lair:3   | Killed Muataran's ghost
 16792 | Lair:4   | HP: 1/94 [+4 lajatang of Resumed Hostilities {chaos, *Noise
                  | rElec rF+ Dex+4} (28)]
 16881 | Lair:4   | HP: 4/94 [+4 lajatang of Resumed Hostilities {chaos, *Noise
                  | rElec rF+ Dex+4} (1)]
 17274 | D:12     | Found Iblidiz's Magic Scroll Shop.
 18181 | D:13     | Reached XP level 16. HP: 99/99 MP: 0/0
 18325 | D:13     | Found a bloodstained altar of Trog.
 18875 | D:13     | Reached skill level 18 in Spellcasting
 18955 | D:13     | Found a gate to the Vaults.
 19551 | D:14     | Identified the +5 great sword "Voro" {vamp, rN+}
 19559 | D:14     | Identified the +1 chain mail "Ikhaud" {rPois rCorr}
 19800 | D:15     | Entered Level 15 of the Dungeon
 19882 | D:15     | Found a staircase to the Depths.
 19882 | D:15     | Noticed a fire giant
 20207 | Lair:3   | Slain by a +4 lajatang of Resumed Hostilities {chaos,
                  | *Noise rElec rF+ Dex+4}

Illustrated notes

Levels and vault maps discovered:
D:1:      wander_arrival_chamber, layout_basic, hex_tiny,
          hangedman_abyss_or_decor_stabs, minivault_19, minmay_tall_x
D:2:      layout_loops_ring, dreamdust_princess_corridor, minmay_quadrilaterals
D:3:      layout_basic, basic_ecumenical_altar
D:4:      layout_basic, lemuel_temple_firewalk_a
D:5:      layout_loops_corners, mainiacjoe_overflow_paths,
          nicolae_overflow_squiral, enter_ossuary_1, uniq_pikel,
          uniq_crazy_yiuf_cottage, uniq_edmund
D:6:      layout_basic, mainiacjoe_overflow_six_doors_small, xom_teletrap_fun,
          nicolae_qazlal_general_emergency
D:7:      layout_layer_cave
D:8:      minmay_the_grid_triangle_9x9_rhombus_thin
          [minmay_the_grid_triangle_9x9_shrine,
          minmay_the_grid_triangle_9x9_prize_special,
          minmay_the_grid_triangle_9x9_stretched_checkered,
          minmay_the_grid_triangle_9x9_alien], layout_loops_cross,
          gammafunk_ghost_grave
D:9:      gammafunk_cloud_chamber, layout_rooms,
          nicolae_shop_sticking_my_neck_out
D:10:     layout_roguey, mainiacjoe_overflow_alcove_4, erik_orc_3, uniq_fannar,
          uniq_nergalle, uniq_josephine
D:11:     layout_long_grid, grunt_lair_entry_orc_guard_hut, uniq_erolcha,
          uniq_urug
D:12:     hangedman_cross_cluster, layout_basic, serial_shops,
          nicolae_shop_hallway_stairs
D:13:     layout_long_grid, david_vaults_4, trog_hazing_becter
D:14:     cheibrodos_leafed_vault, layout_rooms, minmay_misc_feat_tiny
D:15:     grunt_enter_depths_giant_problem, layout_basic, minmay_door_square
Temple:   nicolae_temple_superstar
Lair:1:   layout_small_grid, enter_volcano_3, chequers_serial_rivers_marsh,
          serial_bayou_shore_a
Lair:2:   layout_cave_pods, gammafunk_ghost_split
Lair:3:   layout_concentric_octagons, shoals_dummy_entry, dummy_spider_entry,
          ebering_ghost_rock_garden, minmay_hedge_maze
Lair:4:   layout_gridlike, dpeg_slime_entry_enclosed, ebering_ghost_xom,
          infiniplex_staircase_pool_2, lemuel_fruit_fields
Spider:1: layout_spider_delve
Spider:2: layout_spider_delve, uniq_frances
Orc:1:    layout_caves, minmay_orc_barracks
Orc:2:    st_orc_pillars, layout_diamond_mine
Elf:1:    minmay_elf_arrival_summoners, layout_geoelf_octagon, special_room
          [special_room_orc], hangedman_elven_crosses_minicolossus,
          minmay_checkered_concentric_circles

Skill      XL: |  1  2  3  4  5  6  7  8  9 10 11 12 13 14 15 16 |
---------------+-------------------------------------------------+-----
Spellcasting   | 3 4 5 6 7 10 12 14 15 16 17 18 | 18.6
Short Blades   | 1 2 |  2.2
Stealth        | 2 3 4 |  4.9
Fighting       | 1 2 3 4 |  4.2
Dodging        | 3 4 5 6 7 8 9 11 12 | 12.3
Staves         | 2 3 4 |  4.9
Axes           | 1 |  1.0
Invocations    | 2 3 |  3.5
Unarmed Combat | 1 2 |  2.0
Armour         | |  0.8
Evocations     | |  0.7

Action                   |  1- 3 |  4- 6 |  7- 9 | 10-12 | 13-15 | 16-18 || total
-------------------------+-------+-------+-------+-------+-------+-------++-------
Melee: Dagger            |    72 |     3 |       |       |       |       ||    75
       Punch             |     2 |       |       |       |     2 |       ||     4
       Short sword       |       |    20 |       |       |       |       ||    20
       Staff             |       |     4 |    42 |     1 |    17 |       ||    64
       Unarmed           |       |       |       |       |    72 |     5 ||    77
       Hand axe          |       |       |       |       |    37 |       ||    37
Throw: Stone             |       |     2 |       |       |       |       ||     2
       Dart              |       |       |       |       |     2 |       ||     2
       Boomerang         |       |       |       |       |     1 |       ||     1
       Throwing net      |       |       |       |       |       |     2 ||     2
 Cast: Foxfire           |    15 |    24 |    73 |   173 |   250 |    75 ||   610
       Scorch            |     7 |    18 |    48 |   156 |   242 |    52 ||   523
       Inner Flame       |       |     2 |     1 |    12 |    55 |     5 ||    75
       Kindle Blastspark |       |     1 |     1 |    36 |     3 |    23 ||    64
       Hailstorm         |       |       |     1 |       |    17 |     2 ||    20
       Shock             |       |       |     4 |     5 |     9 |       ||    18
       Flame Wave        |       |       |    10 |    97 |   114 |    38 ||   259
       Teleport Other    |       |       |       |     4 |     5 |       ||     9
       Passwall          |       |       |       |     3 |       |       ||     3
       Blade Hands       |       |       |       |       |     5 |     1 ||     6
Invok: Heal Self         |       |       |       |       |    35 |    14 ||    49
       Purification      |       |       |       |       |     1 |       ||     1
Evoke: Wand              |       |       |       |       |     7 |     3 ||    10
  Use: Scroll            |       |     5 |     5 |     5 |    13 |     2 ||    30
       Potion            |       |     1 |     5 |     3 |    17 |     2 ||    28
 Stab: Distracted        |     1 |       |       |       |       |       ||     1
       Sleeping          |       |     1 |       |       |       |       ||     1
       Invisible         |       |       |       |       |     1 |       ||     1
Armor: Crystal plate arm |    31 |       |       |       |       |       ||    31
       Robe              |    13 |    15 |    32 |    56 |   205 |    40 ||   361
Dodge: Dodged            |    36 |    13 |    72 |   188 |   334 |    76 ||   719

Table legend: (Time is in decaauts)
 A = Elapsed time spent in this place.
 B = Non-inter-level travel time spent in this place.
 C = Inter-level travel time spent in this place.
 D = Time resting spent in this place.
 E = Time spent auto-exploring this place.
 F = Levels seen in this place.
 G = Mean time per level.
                   A        B        C        D        E       F      G
               +--------+--------+--------+--------+--------+-----+--------+
         Total |  20191 |  19377 |    814 |    377 |   8654 |  27 |  747.8 |
       Dungeon |  12699 |  12218 |    481 |    128 |   5869 |  15 |  846.6 |
        Temple |     98 |     78 |     20 |      0 |     52 |   1 |   98.0 |
          Lair |   3530 |   3280 |    250 |    140 |   1751 |   4 |  882.5 |
   Spider Nest |   1124 |   1061 |     63 |     52 |    365 |   2 |  562.0 |
  Orcish Mines |   2163 |   2163 |      0 |     57 |    537 |   2 | 1081.5 |
   Elven Halls |      5 |      5 |      0 |      0 |      0 |   1 |    5.0 |
       Ossuary |    210 |    210 |      0 |      0 |     51 |   1 |  210.0 |
       Volcano |    357 |    357 |      0 |      0 |     29 |   1 |  357.0 |
               +--------+--------+--------+--------+--------+-----+--------+

Top non-repeatable levels by time:
    D:12: 1300 daAuts
   Orc:2: 1256 daAuts
     D:7: 1226 daAuts
  Lair:2: 1144 daAuts
     D:8: 1134 daAuts
     D:5: 1127 daAuts
  Lair:3: 1032 daAuts
  Lair:1: 1014 daAuts
    D:10: 979 daAuts
   Orc:1: 907 daAuts
     D:2: 904 daAuts
Spider:1: 900 daAuts
    D:13: 858 daAuts
     D:6: 823 daAuts
     D:4: 801 daAuts
